 Dungeon Crawl Stone Soup version 0.30.1 (webtiles) character file.

Game seed: 12377449376921503596

5021 Cheops the Basher (level 10, 0/77 HPs)
             Began as a Minotaur Fighter on July 9, 2023.
             Was a Priest of Makhleb.
             Slain by a guardian serpent (shapeshifter) (16 damage)
             ... on level 8 of the Dungeon.
             The game lasted 00:30:17 (8189 turns).

Cheops the Basher (Minotaur Fighter)                Turns: 8189, Time: 00:30:18

Health: 0/77       AC: 15    Str: 32    XL:     10   Next: 30%
Magic:  15/15      EV:  7    Int:  5    God:    Makhleb [***...]
Gold:   450        SH:  4    Dex:  9    Spells: 9/9 levels left

rFire   + . .        a - +0 flail
rCold   . . .        C - +0 buckler
rNeg    . . .        L - +0 plate armour
rPois   .            (helmet restricted)
rElec   .            o - +0 cloak
rCorr   .            (no gloves)
SInv    .            D - +0 pair of boots
Will    .....        v - amulet of regeneration Stlth
                     F - +6 ring of strength
HPRegen 1.12/turn    m - ring of protection from fire
MPRegen 0.14/turn

%: no passive effects
@: no status effects
A: horns 2, retaliatory headbutt
a: Renounce Religion, Minor Destruction, Lesser Servant of Makhleb


You were on level 8 of the Dungeon.
You worshipped Makhleb.
Makhleb was most pleased with you.
You visited 2 branches of the dungeon, and saw 9 of its levels.
You also visited: Ossuary.

You collected 450 gold pieces.

Inventory:

Hand Weapons
 a - a +0 flail (weapon)
 b - a +2 whip of flaming
 c - a +1 hand axe of electrocution
 H - a +4 mace
Armour
 o - a +0 cloak (worn)
 p - a +0 robe of fire resistance
 w - a +0 chain mail
 z - a +0 scale mail
 C - a +0 buckler (worn)
 D - a +0 pair of boots (worn)
 L - a +0 plate armour (worn)
Jewellery
 m - a ring of protection from fire (right hand)
 u - an amulet of magic regeneration
 v - an amulet of regeneration (around neck)
 B - a ring of wizardry
 F - a +6 ring of strength (left hand)
Wands
 y - a wand of flame (8)
 E - a wand of iceblast (4)
Scrolls
 h - 4 scrolls of amnesia {unknown}
 j - 4 scrolls of immolation {unknown}
 q - a scroll of enchant weapon
 r - 4 scrolls of blinking {unknown}
 G - 6 scrolls of vulnerability
 I - a scroll of poison
 J - a scroll of fog
 M - a scroll of brand weapon {unknown}
Potions
 d - a potion of might
 e - 4 potions of curing
 f - 3 potions of heal wounds {unknown}
 g - 2 potions of lignification {unknown}
 i - 8 potions of flight {unknown}
 k - 2 potions of mutation {unknown}
 l - 2 potions of degeneration {unknown}
 n - a potion of magic {unknown}
 s - a potion of ambrosia {unknown}
 t - a potion of cancellation {unknown}
 x - 2 potions of attraction {unknown}
 A - a potion of berserk rage {unknown}
 K - 3 potions of haste {unknown}


   Skills:
 - Level 3.6 Fighting
 - Level 14.0 Maces & Flails
 * Level 6.0 Armour
 - Level 3.6 Shields
 - Level 9.0 Invocations


You had 9 spell levels left.
You didn't know any spells.
Your spell library contained the following spells:

 Spells                   Type           Power      Damage    Failure   Level
 Blink                    Tloc           0%         N/A       100%        2
 Cigotuvi's Dreadful Rot  Necr/Pois/Air  0%         N/A       100%        2
 Lesser Beckoning         Tloc           0%         N/A       100%        2
 Momentum Strike          Conj/Tloc      0%         3d8       100%        2
 Scorch                   Fire           0%         2d5       100%        2
 Ignite Poison            Fire/Tmut/Pois 0%         N/A       100%        3
 Tukima's Dance           Hex            0%         N/A       100%        3
 Flame Wave               Conj/Fire      0%         2d4       100%        4
 Passage of Golubria      Tloc           0%         N/A       100%        4
 Freezing Cloud           Conj/Ice/Air   0%         6-21      100%        5
 Yara's Violent Unravell  Hex/Tmut       0%         3d3       100%        5
 Summon Cactus Giant      Summ           0%         N/A       100%        6


Dungeon Overview and Level Annotations

Branches:
Dungeon (8/15)             Temple (1/1) D:5         Ossuary (visited)
   Lair: D:8-11

Altars:
Ashenzari
Cheibriados
Dithmenos
Elyvilon
Fedhas
Hepliaklqana
Kikubaaqudgha
Makhleb
Nemelex Xobeh
Qazlal
Ru
Sif Muna
Trog
Uskayaw
Vehumet
Wu Jian
Xom
Yredelemnul
Zin
The Shining One

Shops:
D:6 [*


Innate Abilities, Weirdness & Mutations

You have a pair of horns on your head.
You reflexively headbutt those who attack you in melee.


Message History

The guardian serpent is severely wounded.
The guardian serpent hits you but does no damage.
You barely miss the guardian serpent.
The guardian serpent is severely wounded.
The guardian serpent hits you but does no damage.
You completely miss the guardian serpent.
The guardian serpent is severely wounded.
The guardian serpent hits you.
* * * LOW HITPOINT WARNING * * *
The guardian serpent barely misses you.
You closely miss the guardian serpent.
The guardian serpent is severely wounded.
The guardian serpent hits you but does no damage.
You hit the guardian serpent but do no damage.
The guardian serpent is severely wounded.
The guardian serpent hits you.
* * * LOW HITPOINT WARNING * * *
You miss the guardian serpent.
The guardian serpent is severely wounded.
The guardian serpent hits you!
* * * LOW HITPOINT WARNING * * *
You sock the guardian serpent!
Your headbutt misses the guardian serpent.
The guardian serpent is almost dead.
The guardian serpent hits you.
* * * LOW HITPOINT WARNING * * *
You closely miss the guardian serpent.
Your headbutt misses the guardian serpent.
The guardian serpent is almost dead.
The guardian serpent hits you!
* * * LOW HITPOINT WARNING * * *
You miss the guardian serpent.
The guardian serpent is almost dead.
You block the guardian serpent's attack.
You feel better.
You block the guardian serpent's attack.
A demon appears!
You block the guardian serpent's attack.
The guardian serpent hits you!
You die...

.#..###'###....## ##..###'###..##
...##.....##....###..##.....##..#
).####...####.......##.......##..
.###.##.##.#####)####..#.#.#..##.
.#.##.#)#.##.#.....#..#######..#
.#..##...##..#.###.#..#)....#..#
.+.....⌠.....'.....'.#.......#)+
.#..##...##..#.#.#.#..#.....#..#
.#.##.#.#.##.#..@3.#..#######..#
.# #.##.##.#####S####..# .## ..
###...### W{. ##... ## ...
#.....# ##..# #... ##..###+###
...# ##+# #.# ...: .# ..[) ##.=|#


You could see a guardian serpent (ally target), a wraith and a friendly neqoxec
(summoned).

Vanquished Creatures
  Pikel (D:4)
  A hornet (D:7)
  4 yaks
  2 water moccasins
  2 ice beasts (D:5)
  2 orc warriors
  2 sky beasts (D:7)
  2 black bears
  An ogre (D:5)
  2 centaurs (D:8)
  3 lemures
  3 bullfrogs
  2 wyvern zombies (Ossuary)
  3 scorpions
  5 water moccasin zombies (Ossuary)
  3 wights (D:7)
  A killer bee (D:8)
  A howler monkey (D:7)
  A lava snake (D:7)
  10 bullfrog zombies (Ossuary)
  4 centaur zombies (Ossuary)
  4 hounds
  4 jellies
  Crazy Yiuf (D:2)
  A gnoll bouda (D:5)
  2 orc priests
  Jessica (D:2)
  3 iguanas
  4 orc wizards
  2 killer bee zombies (Ossuary)
  12 mummies (Ossuary)
  4 howler monkey zombies (Ossuary)
  12 adders
  3 gnolls (D:5)
  A white imp (D:5)
  2 ufetubi (D:5)
  A worm (D:2)
  9 dart slugs
  26 orcs
  5 ball pythons
  7 bats
  11 endoplasms
  7 giant cockroaches
  7 goblins
  7 hobgoblins
  10 jackals
  5 quokkas
  4 frilled lizards
  7 kobolds
  3 rats (D:2)
220 creatures vanquished.

Notes
Turn   | Place    | Note
-------+----------+-------------------------------------------
     0 | D:1      | Cheops the Minotaur Fighter began the quest for the Orb.
     0 | D:1      | Reached XP level 1. HP: 19/19 MP: 0/0
    72 | D:1      | Reached skill level 3 in Maces & Flails
   117 | D:1      | Reached XP level 2. HP: 26/26 MP: 1/1
   287 | D:1      | Reached skill level 4 in Maces & Flails
   424 | D:1      | Reached XP level 3. HP: 26/31 MP: 2/2
   951 | D:2      | Reached skill level 5 in Maces & Flails
  1132 | D:2      | Reached XP level 4. HP: 35/39 MP: 3/3
  1326 | D:2      | Noticed Jessica
  1337 | D:2      | Killed Jessica
  1338 | D:2      | Reached skill level 6 in Maces & Flails
  1437 | D:2      | Found a runed translucent door.
  1438 | D:2      | Noticed Crazy Yiuf
  1750 | D:2      | Killed Crazy Yiuf
  1751 | D:2      | Reached XP level 5. HP: 23/45 MP: 4/4
  2869 | D:4      | Reached skill level 7 in Maces & Flails
  2955 | D:4      | Noticed Pikel
  2955 | D:4      | Noticed a lemure
  2955 | D:4      | Noticed a lemure
  2955 | D:4      | Noticed a lemure
  2955 | D:4      | Noticed a lemure
  2978 | D:3      | Killed a lemure
  3149 | D:4      | Found a blossoming altar of Fedhas.
  3152 | D:4      | Found an ancient bone altar of Kikubaaqudgha.
  3818 | D:4      | Killed a lemure
  3825 | D:4      | Killed a lemure
  3835 | D:4      | Killed Pikel
  3836 | D:4      | Reached skill level 10 in Maces & Flails
  3836 | D:4      | Reached XP level 6. HP: 31/51 MP: 5/5
  3836 | D:4      | Reached XP level 7. HP: 35/57 MP: 6/6
  3945 | D:4      | Found a broken altar of Ashenzari.
  3949 | D:4      | Saw a vision of the Swamp and the Spider Nest.
  3949 | D:4      | Noticed a steelbarb worm
  3949 | D:4      | Noticed a jumping spider
  3949 | D:4      | Noticed a demonic crawler
  3949 | D:4      | Noticed a culicivora
  3949 | D:4      | Noticed a torpor snail
  3949 | D:4      | Noticed a jumping spider
  3949 | D:4      | Noticed a wolf spider
  3949 | D:4      | Noticed an alligator
  3949 | D:4      | Noticed a tarantella
  3950 | D:4      | Noticed a culicivora
  3950 | D:4      | Noticed a swamp dragon
  3950 | D:4      | Noticed a fenstrider witch
  3950 | D:4      | Noticed a bunyip
  3951 | D:4      | Noticed a redback
  3951 | D:4      | Noticed a bog body
  4061 | D:4      | Noticed a moth of wrath
  4410 | D:5      | Entered Level 5 of the Dungeon
  4648 | D:5      | Found a basalt altar of Yredelemnul.
  4726 | D:5      | Found a staircase to the Ecumenical Temple.
  4736 | Temple   | Entered the Ecumenical Temple
  4912 | Temple   | Became a worshipper of Makhleb the Destroyer
  4942 | D:5      | Reached skill level 11 in Maces & Flails
  5058 | D:5      | Reached XP level 8. HP: 61/64 MP: 7/7
  5141 | D:5      | Reached skill level 12 in Maces & Flails
  5191 | D:5      | Reached * piety under Makhleb
  5612 | D:6      | Found Woakkut's Assorted Antiques.
  5625 | D:6      | Found Jonurph's Antique Armour Shop.
  5695 | D:6      | Reached skill level 13 in Maces & Flails
  6390 | D:7      | Reached XP level 9. HP: 62/70 MP: 8/8
  6426 | D:7      | Found a sand-covered staircase.
  6438 | Ossuary  | Entered an ossuary
  6449 | Ossuary  | Reached skill level 14 in Maces & Flails
  6459 | Ossuary  | Reached skill level 1 in Invocations
  6674 | Ossuary  | Reached ** piety under Makhleb
  6734 | Ossuary  | Reached skill level 5 in Invocations
  7230 | D:7      | Reached XP level 10. HP: 77/77 MP: 15/15
  7513 | D:7      | Reached *** piety under Makhleb
  7960 | D:8      | Reached skill level 5 in Armour
  8163 | D:8      | Noticed a guardian serpent
  8189 | D:8      | Slain by a guardian serpent (shapeshifter)

Illustrated notes

Levels and vault maps discovered:
D:1:      erik_arrival_blinker_ship, layout_loops_ring, minmay_pentomino_s4
D:2:      layout_loops_ring, kennysheep_generic_room_15,
          uniq_crazy_yiuf_cottage, uniq_jessica
D:3:      layout_basic, minmay_pentomino_pile
D:4:      kennysheep_slugbush, layout_cave_pods,
          grunt_temple_overflow_growth_and_decay, grunt_ashenzari_visionary
          [grunt_ashenzari_visionary_swamp, grunt_ashenzari_visionary_spider],
          uniq_pikel
D:5:      minmay_recursive_quarters, layout_gridville,
          yredelemnul_altar_generic, minmay_temple_entry_waves
D:6:      layout_cave_pools, serial_shops, nicolae_shop_tiny_glass,
          nicolae_shop_dealshenge
D:7:      layout_loops_corners, enter_ossuary_1, kennysheep_big_empty_room
D:8:      minmay_the_grid_octo_tiled_octocenter
          [minmay_the_grid_octo_fat_diamond,
          minmay_the_grid_octo_vomiting_pacman, minmay_the_grid_octo_clover_2,
          minmay_the_grid_octo_chip,
          minmay_the_grid_octo_prize_ultimate_mussel_roller,
          minmay_the_grid_square_5x5_v, minmay_the_grid_square_5x5_pentomino_r,
          minmay_the_grid_square_5x5_meh,
          minmay_the_grid_square_5x5_fancy_junction], layout_cave_pods,
          nicolae_overflow_two_pavilions
Temple:   nicolae_temple_bog_church

Skill      XL: |  1  2  3  4  5  6  7  8  9 10 |
---------------+-------------------------------+-----
Maces & Flails | 3 4 5 6 10 11 13 14 | 14.0
Invocations    | 8 9 |  9.0
Armour         | 6 |  6.0
Fighting       | |  3.6
Shields        | |  3.6

Action                     |  1- 3 |  4- 6 |  7- 9 | 10-12 || total
---------------------------+-------+-------+-------+-------++-------
  Melee: Flail             |    76 |   148 |   281 |   138 ||   643
         Headbutt          |     6 |    21 |    58 |    16 ||   101
         Whip              |       |       |    83 |     4 ||    87
 Invoke: Lesser Servant of |       |       |       |     1 ||     1
    Use: Potion            |       |     1 |     1 |     1 ||     3
         Scroll            |       |       |     4 |     2 ||     6
 Armour: Scale mail        |    37 |    31 |       |       ||    68
         Chain mail        |       |    35 |   143 |       ||   178
         Plate armour      |       |       |     1 |    72 ||    73
  Dodge: Dodged            |    44 |    68 |    96 |    33 ||   241
  Block: Buckler           |    16 |    27 |    49 |    22 ||   114
